 Dungeon Crawl Stone Soup version 0.25-a0-668-gea548f19b6 (console) character file.

Game seed: 7648256145652973176, levelgen mode: classic

69 Duffy the Chopper (level 4, 0/35 HPs)
             Began as a Demonspawn Fighter on Mar 28, 2020.
             Slain by a sky beast (3 damage)
             ... on level 5 of the Dungeon.
             The game lasted 00:01:02 (912 turns).

Duffy the Chopper (Demonspawn Fighter)               Turns: 912, Time: 00:01:02

Health: 0/35       AC:  8    Str: 16    XL:     4   Next: 2%
Magic:  4/4        EV:  6    Int: 11    God:
Gold:   63         SH: 10    Dex: 12    Spells: 3/3 levels left

rFire    + . .     SeeInvis .   a - +0 war axe
rCold    . . .     Gourm    .   n - +2 kite shield
rNeg     . . .     Faith    .   b - +0 scale mail
rPois    .         Spirit   .   l - +1 hat
rElec    .         Reflect  .   (no cloak)
rCorr    .         Harm     .   h - +0 pair of gloves (curse)
MR       .....                  (no boots)
Stlth    ..........             (no amulet)
HPRegen  0.11/turn              (no ring)
MPRegen  0.09/turn              (no ring)

@: no status effects
A: fire resistance 1, powered by pain 1
a: no special abilities


You were on level 5 of the Dungeon.
You were not hungry.

You visited 1 branch of the dungeon, and saw 5 of its levels.

You collected 63 gold pieces.

Inventory:

Hand Weapons
 a - a +0 war axe (weapon)
Armour
 b - a +0 scale mail (worn)
 c - a +0 kite shield
 h - a cursed +0 pair of gloves (worn)
 l - a +1 hat (worn)
 n - a +2 kite shield (worn)
Scrolls
 j - 2 scrolls of remove curse {unknown}
 k - 3 scrolls of identify {unknown}
 m - a scroll of blinking {unknown}
 o - a scroll of fear {unknown}
Potions
 d - a potion of might
 e - 3 potions of curing {unknown}
 i - a potion of degeneration {unknown}
Comestibles
 f - a ration
 g - 5 chunks of flesh


   Skills:
 - Level 3.0 Fighting
 + Level 4.0 Axes
 - Level 2.6 Armour
 - Level 2.6 Shields


You had 3 spell levels left.
You didn't know any spells.
Your spell library was empty.

Dungeon Overview and Level Annotations

Branches:
Dungeon (5/15)
 Temple: D:4-7

Altars:


Innate Abilities, Weirdness & Mutations

Your flesh is heat resistant. (rF+)
You sometimes gain a little power by taking damage.


Message History

There is an open door here.
You closely miss the sky beast. The sky beast barely misses you.
You barely miss the sky beast.
The sky beast hits you but does no damage.
You hit the sky beast but do no damage. The sky beast hits you.
The sky beast shocks you.
The sky beast hits you but does no damage.
You hit the sky beast but do no damage.
The sky beast flickers out of sight!
Deactivating autopickup; reactivate with Ctrl-A.
Something hits you but does no damage.
You closely miss something. You block something's attack.
You miss something. Something hits you but does no damage. Something hits you.
Something shocks you.
Your shield and scale mail prevent you from hitting something.
Something hits you. Something shocks you.
You miss something. Something hits you. Something shocks you.
A sky beast appears from thin air!
Reactivating autopickup.
The sky beast hits you.
You die...

#.#### #....# #.##.#
#.##.# #.##.# #.##.#
######### #.##.#
#........
####.##.#########........
................'@Y......
####.##.#########........
#.##.# #........ #.##.#
#........ #.##.#
#........ ####.##.#
#........ .....##.#
#........ #####...#
#........


You could see a sky beast.

Vanquished Creatures
  3 adders
  An ooze (D:1)
  2 dart slugs
  A ball python (D:4)
  6 goblins
  7 hobgoblins
  3 kobolds
  A quokka (D:5)
  4 bats
  A rat (D:1)
29 creatures vanquished.

Notes
Turn   | Place    | Note
-------+----------+-------------------------------------------
     0 | D:1      | Duffy the Demonspawn Fighter began the quest for the Orb.
     0 | D:1      | Reached XP level 1. HP: 18/18 MP: 1/1
    22 | D:1      | Reached skill level 2 in Axes
    71 | D:1      | Gained mutation: You sometimes gain a little power by
                  | taking damage. [demonic ancestry]
    71 | D:1      | Reached XP level 2. HP: 21/24 MP: 2/2
   125 | D:1      | Reached skill level 3 in Axes
   374 | D:2      | Reached XP level 3. HP: 25/29 MP: 3/3
   813 | D:4      | Gained mutation: Your flesh is heat resistant. (rF+)
                  | [demonic ancestry]
   813 | D:4      | Reached XP level 4. HP: 35/35 MP: 4/4
   851 | D:5      | Entered Level 5 of the Dungeon
   856 | D:5      | Reached skill level 4 in Axes
   902 | D:5      | Noticed a sky beast
   912 | D:5      | Slain by a sky beast

Levels and vault maps discovered:
D:1:      dpeg_arrival_more_subterranean_lakeside_camping, layout_rooms,
          st_stairs_10
D:2:      layout_basic
D:3:      layout_basic
D:4:      layout_gridville
D:5:      layout_basic, gup_sewer_entry_spiral, serial_shops, shop,
          first_ration, corexii_item_surrounded_by_moat

Skill      XL: |  1  2  3  4 |
---------------+-------------+-----
Axes           | 2 3 4 |  4.0
Fighting       | |  3.0
Armour         | |  2.6
Shields        | |  2.6

Action                   |  1- 3 |  4- 6 || total
-------------------------+-------+-------++-------
Melee: War axe           |    70 |    10 ||    80
Armor: Scale mail        |    49 |     7 ||    56
Dodge: Dodged            |    25 |     1 ||    26
Block: Kite shield       |    42 |     1 ||    43

Table legend:
 A = Non-vault XP
 B = Vault XP
 C = Vault XP percentage of total XP
 D = Non-vault monster count
 E = Vault monster count
 F = Vault count percentage of total count
                 A         B        C        D         E       F
            +---------+---------+-------+---------+---------+-------
      Total |      99 |       0 |   0.0 |      29 |       0 |   0.0
            +---------+---------+-------+---------+---------+-------
        D:1 |      35 |       0 |   0.0 |      15 |       0 |   0.0
        D:2 |      38 |       0 |   0.0 |       7 |       0 |   0.0
        D:3 |      22 |       0 |   0.0 |       5 |       0 |   0.0
        D:4 |       2 |       0 |   0.0 |       1 |       0 |   0.0
        D:5 |       2 |       0 |   0.0 |       1 |       0 |   0.0
            +---------+---------+-------+---------+---------+-------
